 Dungeon Crawl Stone Soup version 0.23.2-33-g5129a83184 (webtiles) character file.

Game seed: 13722662825431812503

67 ANON1729 the Skirmisher (level 4, 0/35 HPs)
             Began as a Demonspawn Monk on Aug 11, 2019.
             Slain by a quokka (2 damage)
             ... on level 3 of the Dungeon.
             The game lasted 00:01:53 (1102 turns).

ANON1729 the Skirmisher (Demonspawn Monk)           Turns: 1102, Time: 00:01:53

Health: 0/35       AC:  4    Str: 12    XL:     4   Next: 0%
Magic:  4/4        EV: 13    Int: 12    God:
Gold:   36         SH:  0    Dex: 15    Spells: 3/3 levels left

rFire    + . .     SeeInvis .   a - +0 spear
rCold    + . .     Gourm    .   (no shield)
rNeg     . . .     Faith    .   b - +0 robe
rPois    +         Spirit   .   (helmet restricted)
rElec    +         Reflect  .   (no cloak)
rCorr    +         Harm     .   (no gloves)
MR       .....                  (no boots)
Stlth    ++........             (no amulet)
HPRegen  0.11/turn              (no ring)
MPRegen  0.09/turn              (no ring)

@: resistant
A: antennae 1, icy blue scales 1, powered by death 1
a: no special abilities


You were on level 3 of the Dungeon.
You were hungry.

You visited 1 branch of the dungeon, and saw 3 of its levels.

You collected 36 gold pieces.

Inventory:

Hand Weapons
 a - a +0 spear (weapon)
Armour
 b - a +0 robe (worn)
Scrolls
 d - a scroll of blinking {unknown}
 e - a scroll of teleportation {unknown}
 h - a scroll of fog {unknown}
 i - 2 scrolls of identify {unknown}
Potions
 g - a potion of heal wounds {unknown}
Comestibles
 c - 3 rations
 j - 4 chunks of flesh


   Skills:
 + Level 3.5 Fighting
 + Level 3.2 Polearms
 + Level 3.2 Dodging
 + Level 2.6 Stealth


You had 3 spell levels left.
You didn't know any spells.
Your spell library was empty.

Dungeon Overview and Level Annotations

Branches:
Dungeon (3/15)

Altars:
Fedhas
Qazlal

Annotations:
D:2 Sigmund


Innate Abilities, Weirdness & Mutations

You have a pair of small antennae on your head.
You are partially covered in icy blue scales. (AC +2)
You regenerate a little health from kills.


Message History

You hit the quokka but do no damage.
The quokka is almost dead.
The quokka closely misses you. The orc barely misses you. The quokka bites you.
* * * LOW HITPOINT WARNING * * *
You barely miss the quokka.
The quokka is almost dead.
The orc hits you.
* * * LOW HITPOINT WARNING * * *
The quokka bites you but does no damage.
Unknown command.
Unknown command.
You closely miss the quokka.
The quokka is almost dead.
The orc closely misses you. The quokka bites you.
* * * LOW HITPOINT WARNING * * *
Unknown command.
It was a potion of resistance.
You feel protected. The orc closely misses you. The quokka bites you.
You die...

#########
#.r....$>
#@# #o#
#######o#
......#g#
#.># ##
##.## ..#
##w# ...
#.# #.#
##.#


You could see a dart slug, 2 orcs, a quokka and a goblin.

Vanquished Creatures
  Jessica (D:2)
  3 adders
  A worm (D:2)
  A dart slug (D:2)
  A bat (D:3)
  A giant cockroach (D:3)
  A goblin (D:1)
  A hobgoblin (D:1)
  A kobold (D:2)
  A frilled lizard (D:1)
12 creatures vanquished.

Notes
Turn   | Place    | Note
-------+----------+-------------------------------------------
     0 | D:1      | ANON1729 the Demonspawn Monk began the quest for the Orb.
     0 | D:1      | Reached XP level 1. HP: 18/18 MP: 1/1
   614 | D:2      | Gained mutation: You are partially covered in icy blue
                  | scales. (AC +2) [demonic ancestry]
   614 | D:2      | Reached XP level 2. HP: 2/24 MP: 2/2
   625 | D:2      | HP: 1/36 [poisoned by an adder]
   940 | D:2      | Noticed Jessica
   949 | D:2      | Killed Jessica
   949 | D:2      | Gained mutation: You regenerate a little health from kills.
                  | [demonic ancestry]
   949 | D:2      | Reached XP level 3. HP: 25/29 MP: 3/3
  1009 | D:2      | Noticed Sigmund
  1015 | D:2      | Noticed a water elemental
  1019 | D:2      | Noticed an earth elemental
  1021 | D:2      | Found a stormy altar of Qazlal.
  1034 | D:3      | Found a blossoming altar of Fedhas.
  1085 | D:3      | Gained mutation: You have a pair of small antennae on your
                  | head. [demonic ancestry]
  1085 | D:3      | Reached XP level 4. HP: 15/35 MP: 4/4
  1101 | D:3      | HP: 1/35 [quokka (4)]
  1102 | D:3      | Slain by a quokka

Skill      XL: |  1  2 |
---------------+-------+-----
Stealth        | 2 |  2.6
Polearms       | 3 |  3.2
Dodging        | 3 |  3.2
Fighting       | |  3.5

Action                   |  1- 3 |  4- 6 || total
-------------------------+-------+-------++-------
Melee: Spear             |    54 |    12 ||    66
  Use: Potion            |     2 |     1 ||     3
 Stab: Sleeping          |     3 |       ||     3
Armor: Robe              |    32 |     4 ||    36
       Skin              |     3 |       ||     3
Dodge: Dodged            |    63 |    14 ||    77
